Map: [ESL] Waterfall

Players

LiquidClem (Clem) - Winner!

  • Race: Terran Terran
  • League: Master
  • Spawn Location: 1:00

Solar

  • Race: Zerg Zerg
  • League: Master
  • Spawn Location: 7:00

VOD

Have the link to the VOD?

Description

Time

  • Played on: Nov. 3, 2022, 11:46 a.m.
  • Length: 13:37
Show
View Real Time Build Order
Export as new Build Order

LiquidClem Terran - Winner!

Build Orders: Reaper Expand 

Get SALT Encoding   

  12  0:00  SCV  
  13  0:12  SCV  
  14  0:17  Supply Depot  
  14  0:25  SCV  
  15  0:38  SCV  
  15  0:39  Barracks  
  16  0:44  Refinery  
  16  0:50  SCV  
  17  1:02  SCV  
  18  1:14  SCV  
  19  1:26  Reaper  
  19  1:27  Orbital Command  
  20  1:40  Command Center  
  20  1:48  Supply Depot  
  20  1:52  SCV  
  21  1:58  Marine  
  22  2:04  SCV  
  23  2:11  Factory  
  23  2:16  SCV  
  23  2:20  Barracks Reactor  
  24  2:28  SCV  
  25  2:40  Command Center  
  25  2:43  SCV  
  26  2:54  Orbital Command  
  26  2:55  SCV  
  27  3:01  Starport  
  27  3:06  Refinery  
  27  3:08  SCV  
  28  3:13  Hellion  
  28  3:17  Hellion  
  28  3:19  SCV  
  33  3:21  SCV  
  33  3:25  Barracks Tech Lab  
  34  3:31  SCV  
  34  3:33  SCV  
  36  3:36  Hellion  
  36  3:39  Hellion  
  40  3:44  SCV  
  40  3:45  SCV  
  42  3:52  Orbital Command  
  42  3:55  Raven  
  42  3:56  SCV  
  42  3:57  Hellion, SCV  
  42  4:00  Hellion  
  50  4:08  Barracks Tech Lab  
  50  4:09  Supply Depot, SCV  
  52  4:10  SCV  
  52  4:18  SCV  
  52  4:19  Hellion  
  52  4:21  Hellion  
  52  4:22  SCV x2  
  59  4:26  Stimpack  
  59  4:30  SCV  
  60  4:33  Supply Depot  
  60  4:34  SCV x2  
  60  4:38  Barracks x2  
  62  4:43  Orbital Command  
  62  4:45  Refinery  
  62  4:46  SCV x2  
  62  4:48  Starport Reactor, Marine  
  62  4:52  Supply Depot  
  65  4:55  Refinery  
  65  4:57  Engineering Bay  
  65  4:58  Engineering Bay, SCV, Factory Reactor  
  65  4:59  SCV  
  67  5:10  SCV x2, Marine  
  67  5:12  Barracks  
  70  5:15  Barracks  
  70  5:18  SCV  
  71  5:24  Terran Infantry Armor Level 1, Terran Infantry Weapons Level 1  
  71  5:25  SCV x2  
  71  5:27  Supply Depot  
  73  5:28  Marine  
  73  5:30  SCV  
  73  5:35  Supply Depot  
  75  5:37  SCV x2, Marine x2  
  75  5:42  SCV  
  80  5:44  Factory Reactor  
  80  5:45  Medivac  
  80  5:46  Medivac, Marine  
  85  5:50  Supply Depot  
  85  5:51  SCV x2  
  85  5:53  Supply Depot  
  85  5:54  SCV  
  85  5:55  Marine x3  
  91  5:58  Marine  
  91  6:02  Barracks Reactor x2  
  91  6:03  SCV x2  
  94  6:05  Combat Shield  
  94  6:06  Refinery, Marine, SCV  
  96  6:12  Marine  
  96  6:13  Marine  
  96  6:14  Factory  
  96  6:15  SCV  
  96  6:17  Marine  
  100  6:18  SCV  
  100  6:19  Marine  
  100  6:21  Supply Depot  
  100  6:24  Supply Depot, Marine  
  103  6:26  SCV, Armory  
  103  6:30  Widow Mine, Marine x2  
  103  6:31  Widow Mine  
  111  6:32  SCV  
  111  6:35  SCV, Marine  
  111  6:37  Marine  
  111  6:38  SCV  
  115  6:40  Marine x2  
  115  6:43  Marine x3  
  115  6:46  Supply Depot  
  120  6:47  Supply Depot  
  120  6:48  Marine  
  120  6:51  Medivac x2  
  124  7:07  Supply Depot, Command Center  
  124  7:12  Marine x2  
  124  7:13  Marine  
  124  7:14  Marine x4  
  129  7:16  Siege Tank  
  129  7:18  Marine  
  129  7:21  Medivac x2  
  129  7:22  Bunker  
  138  7:23  Supply Depot  
  137  7:30  Marine x2  
  137  7:31  Siege Tank, Marine x2  
  137  7:32  Marine  
  137  7:34  Marine  
  145  7:37  Supply Depot, Marine x2  
  145  7:39  Marine  
  143  7:48  Marine x2  
  143  7:49  Supply Depot, Marine x2  
  143  7:50  Marine  
  147  7:52  Marine  
  147  7:55  Engineering Bay  
  147  7:56  Supply Depot  
  147  7:57  Supply Depot  
  147  7:58  Supply Depot, Medivac x2  
  145  7:59  Marine  
  145  8:01  Marine  
  145  8:03  Marine  
  145  8:05  Siege Tank, Marine  
  148  8:06  Marine x2  
  148  8:07  SCV x3, Marine  
  148  8:08  Siege Tank, Marine  
  148  8:10  Marine  
  135  8:16  Marine  
  135  8:18  Marine  
  135  8:19  SCV x3  
  118  8:21  Marine  
  118  8:23  Marine  
  118  8:24  Marine x2  
  118  8:25  Marine  
  118  8:26  Marine  
  120  8:29  Terran Infantry Weapons Level 2  
  120  8:31  SCV  
  123  8:39  Siege Tank  
  124  8:42  Siege Tank  
  124  8:43  Marine x6  
  124  8:46  Marine x2  
  124  8:47  Marine  
  136  9:00  Supply Depot, Marine  
  136  9:01  Marine x2  
  136  9:02  Liberator x2  
  145  9:05  Marine x2  
  145  9:07  Marine  
  148  9:10  Supply Depot  
  148  9:12  Supply Depot  
  148  9:16  Supply Depot  
  148  9:28  Engineering Bay, Command Center  
  148  9:32  Sensor Tower, Marine  
  148  9:33  Marine x3  
  148  9:34  Siege Tank x2  
  148  9:37  Supply Depot, Terran Infantry Armor Level 2  
  156  9:39  Marine x2  
  156  9:40  Marine x3  
  161  9:47  Supply Depot  
  161  9:48  Supply Depot  
  161  9:50  Marine  
  161  9:51  Marine x2  
  162  9:55  Marine  
  162  9:57  Marine x5  
  132  10:06  Siege Tank x2  
  128  10:07  Marine  
  128  10:08  Marine  
  128  10:11  Marine  
  128  10:13  Marine  
  130  10:14  Marine  
  130  10:17  Marine  
  130  10:18  Marine x3  
  132  10:25  Marine  
  132  10:26  Terran Vehicle Weapons Level 1, Marine  
  134  10:29  Marine  
  134  10:32  Marine  
  134  10:35  Barracks Tech Lab, Marine  
  136  10:38  Siege Tank  
  136  10:39  Marine  
  136  10:42  Barracks  
  141  10:44  Barracks  
  141  10:45  Barracks  
  132  10:50  Marine x2  
  132  10:51  Marine  
  132  10:54  Marine x5  
  132  10:56  Marine  
  132  10:57  Sensor Tower, Siege Tank  
  130  11:01  SCV x2  
  132  11:08  SCV, Marine x2  
  132  11:09  Sensor Tower  
  135  11:13  SCV x2  
  135  11:16  Marine x6  
  143  11:20  Siege Tank  
  143  11:24  SCV x2  
  144  11:25  SCV  
  144  11:29  Marine x3  
  145  11:34  Marine  
  145  11:35  SCV, Siege Tank  
  145  11:39  Planetary Fortress  
  151  11:49  Barracks Tech Lab  
  151  11:50  Barracks Tech Lab  
  151  11:52  Marine x2  
  152  11:55  Siege Tank  
  152  11:59  Marine  
  152  12:00  Marine  
  152  12:01  Marine x2  
  152  12:03  Marine  
  152  12:04  Marine  
  152  12:06  Marine  
  140  12:08  Siege Tank, Marine x2  
  140  12:09  Marine x3  
  125  12:17  Marine  
  125  12:18  Marine  
  125  12:19  Marine x2  
  125  12:21  Marine  
  125  12:22  Marine  
  129  12:24  Marine  
  129  12:26  Marine x3  
  129  12:27  Marine x2  
  129  12:28  Siege Tank  
  134  12:35  Marine  
  134  12:36  Marine  
  136  12:37  Marine  
  136  12:38  Refinery  
  136  12:40  Siege Tank  
  136  12:41  Marine x2  
  136  12:42  Marine x2  
  144  12:44  Marauder, Marine  
  144  12:45  Refinery, Marauder  
  147  12:54  Marine x2  
  147  12:56  Marine  
  126  13:00  Widow Mine  
  126  13:03  Marauder, Marine x4  
  128  13:06  Marauder x2, Marine  
  128  13:07  Marine  
  128  13:12  Marine  
  136  13:13  Widow Mine  
  136  13:16  Marine x2  
Show
View Real Time Build Order
Export as new Build Order

Solar Zerg 

Build Orders: Hatch First 

Get SALT Encoding   

  12  0:00  Drone  
  13  0:12  Overlord  
  13  0:17  Drone  
  14  0:31  Drone x2  
  16  0:47  Hatchery  
  15  0:51  Drone  
  15  0:54  Drone  
  17  0:57  Drone  
  18  1:08  Extractor  
  17  1:13  Spawning Pool  
  17  1:16  Drone  
  17  1:19  Drone  
  18  1:28  Drone  
  19  1:38  Drone  
  20  1:49  Drone  
  21  2:00  Queen x2  
  21  2:01  Zergling x4  
  27  2:12  Overlord  
  27  2:13  Zergling x2  
  28  2:21  Hatchery  
  27  2:24  Drone  
  28  2:32  Drone  
  28  2:34  Drone  
  30  2:38  Queen  
  30  2:44  Overlord  
  32  2:48  Metabolic Boost  
  32  2:51  Drone  
  33  2:57  Drone x2  
  35  2:59  Drone  
  35  3:04  Drone x2  
  38  3:10  Drone x3  
  41  3:16  Queen  
  43  3:21  Overlord  
  43  3:23  Drone  
  44  3:32  Queen  
  44  3:34  Queen  
  46  3:36  Drone  
  46  3:38  Drone  
  50  3:44  Drone  
  50  3:45  Drone x3  
  50  3:47  Drone  
  55  3:51  Overlord  
  55  3:52  Drone  
  55  3:53  Drone  
  57  3:59  Drone  
  58  4:03  Overlord  
  58  4:04  Overlord  
  58  4:09  Overlord  
  58  4:11  Queen  
  58  4:13  Queen  
  63  4:17  Drone x3  
  63  4:18  Drone  
  63  4:22  Drone x2  
  63  4:23  Drone x2  
  70  4:24  Drone  
  70  4:25  Drone  
  70  4:30  Lair  
  72  4:32  Extractor  
  72  4:33  Spore Crawler  
  72  4:34  Drone  
  72  4:35  Drone  
  72  4:37  Spore Crawler  
  71  4:38  Drone  
  71  4:43  Drone  
  71  4:44  Drone x2  
  75  4:46  Spore Crawler, Drone  
  75  4:47  Drone  
  75  4:48  Drone  
  75  4:51  Zergling x4  
  79  4:53  Drone  
  79  4:54  Overlord  
  79  4:55  Zergling x2  
  79  4:56  Drone  
  82  5:00  Extractor  
  82  5:01  Drone, Extractor  
  82  5:04  Evolution Chamber  
  82  5:06  Drone x4, Evolution Chamber  
  83  5:12  Zergling x2  
  83  5:13  Zergling x2  
  85  5:17  Drone x3  
  87  5:22  Drone  
  87  5:23  Overlord  
  87  5:26  Extractor  
  87  5:27  Drone  
  87  5:28  Extractor  
  87  5:29  Roach Warren  
  87  5:31  Zerg Missile Weapons Level 1  
  87  5:32  Drone x2  
  87  5:33  Overseer  
  87  5:34  Drone x3  
  91  5:36  Zerg Ground Armor Level 1  
  91  5:37  Overlord  
  91  5:52  Overlord  
  91  5:54  Hatchery  
  91  5:56  Overlord  
  90  6:08  Glial Reconstitution  
  90  6:11  Roach x12  
  114  6:13  Roach  
  114  6:16  Roach  
  118  6:22  Roach  
  118  6:23  Overlord  
  120  6:27  Roach x4  
  120  6:29  Overlord  
  120  6:31  Overlord  
  128  6:33  Overseer, Overlord  
  128  6:36  Overlord  
  128  6:40  Overlord  
  128  6:42  Roach x3  
  128  6:45  Roach x2  
  138  6:48  Ravager x2  
  138  6:49  Ravager  
  138  6:50  Roach, Overlord  
  143  6:54  Roach  
  143  6:55  Roach  
  143  6:57  Ravager  
  143  6:59  Roach x2  
  143  7:00  Roach  
  150  7:04  Roach x3  
  150  7:07  Roach  
  158  7:09  Ravager  
  158  7:10  Roach x2  
  163  7:17  Roach x2  
  163  7:18  Roach x2  
  163  7:19  Roach  
  163  7:22  Roach x2  
  174  7:25  Ravager  
  174  7:26  Roach x2  
  174  7:28  Overlord  
  179  7:31  Roach  
  179  7:33  Roach  
  183  7:38  Overlord  
  183  7:40  Overlord  
  183  7:50  Roach x4  
  191  7:56  Roach x6  
  199  8:02  Roach x2  
  199  8:03  Roach x4  
  193  8:09  Roach x2  
  171  8:13  Roach x2  
  171  8:19  Roach  
  153  8:20  Roach  
  153  8:24  Roach x2  
  140  8:30  Roach x2  
  140  8:33  Roach x2  
  145  8:37  Ravager  
  145  8:38  Ravager x4  
  145  8:39  Ravager  
  145  8:40  Roach  
  153  8:42  Extractor  
  153  8:46  Roach x3, Extractor  
  157  8:50  Ravager  
  157  8:51  Zergling x4  
  157  8:55  Roach x2  
  164  8:58  Drone x3  
  164  9:02  Roach x3  
  172  9:07  Roach x4  
  180  9:15  Roach x2  
  184  9:19  Ravager  
  184  9:20  Ravager x2  
  184  9:22  Roach x2  
  191  9:24  Roach x2  
  191  9:25  Roach  
  191  9:27  Ravager  
  191  9:29  Zergling x4  
  200  9:34  Roach x3  
  200  9:37  Zerg Missile Weapons Level 2  
  198  9:44  Ravager  
  150  10:00  Roach x2  
  150  10:01  Roach  
  150  10:02  Roach x10  
  150  10:03  Roach  
  150  10:06  Roach x2  
  147  10:08  Roach x2  
  147  10:10  Roach  
  147  10:13  Roach x2  
  155  10:16  Roach  
  155  10:18  Ravager  
  155  10:20  Drone  
  158  10:25  Ravager x2  
  158  10:27  Zergling x2, Roach  
  158  10:28  Zergling x10  
  168  10:33  Zergling x2, Ravager  
  168  10:34  Zergling x2  
  171  10:37  Ravager x2  
  171  10:38  Roach  
  171  10:41  Roach x2  
  171  10:42  Ravager  
  180  10:43  Zergling x10  
  180  10:46  Roach  
  180  10:53  Roach x4  
  180  10:55  Roach  
  158  10:59  Ravager x3  
  158  11:00  Ravager  
  158  11:03  Roach x2  
  158  11:04  Roach  
  168  11:08  Ravager  
  168  11:09  Roach  
  168  11:10  Zergling x8  
  174  11:14  Roach x2  
  174  11:18  Roach x2  
  182  11:19  Roach  
  182  11:25  Roach x2  
  185  11:27  Roach  
  185  11:28  Roach  
  185  11:29  Roach  
  187  11:33  Roach x2  
  187  11:38  Ravager  
  187  11:39  Overlord  
  192  11:40  Overlord  
  192  11:41  Overlord  
  192  11:43  Overseer  
  179  12:03  Roach x8  
  165  12:08  Roach x2  
  165  12:10  Roach  
  165  12:11  Roach  
  165  12:14  Roach x2  
  157  12:16  Roach  
  157  12:19  Roach  
  157  12:21  Roach x2  
  165  12:26  Roach x2  
  165  12:27  Roach  
  165  12:29  Roach  
  165  12:32  Ravager  
  165  12:33  Ravager  
  165  12:36  Ravager x6  
  170  12:39  Roach x3  
  170  12:40  Overseer  
  170  12:43  Roach  
  170  12:44  Roach  
  180  12:45  Ravager  
  180  12:46  Roach  
  180  12:48  Roach  
  180  12:51  Roach  
  177  12:52  Roach  
  177  12:56  Roach x2  
  163  13:01  Roach x3  
  163  13:02  Roach  
  143  13:05  Roach  
  143  13:07  Roach  
  143  13:08  Roach  
  143  13:09  Ravager  
  143  13:10  Ravager  
  145  13:13  Roach x2  
  145  13:17  Roach x2  
Tags
 
Add a new tag
Caveats
  • Supply blocks, unpowered buildings, or Contaminate may cause inaccurate times.
  • Supply counts are checked every 10 seconds.